 Dungeon Crawl Stone Soup version 0.19-a0-330-g034cfd4 (webtiles) character file.

1385 Kilingo the Magician (level 8, 0/69 HPs)
             Began as a Deep Dwarf Artificer on May 28, 2016.
             Was a Follower of Pakellas.
             Slain by an ogre
             ... wielding a +0 giant club
              (10 damage)
             ... on level 6 of the Dungeon on May 29, 2016.
             The game lasted 01:39:47 (6408 turns).

Kilingo the Magician (Deep Dwarf Artificer)         Turns: 6408, Time: 01:39:47

Health: 0/69       AC:  6    Str: 22    XL:     8   Next: 40%
Magic:  7/18       EV:  7    Int: 13    God:    Pakellas [*.....]
Gold:   289        SH:  0    Dex: 13    Spells: 0 memorised, 15 levels left

rFire  + . .     SeeInvis .     a - +0 flail (holy)
rCold  x . .     Gourm    .     m - +0 ring mail
rNeg   . . .     Faith    .     (no shield)
rPois  .         Spirit   .     x - +0 helmet
rElec  .         Dismiss  .     (no cloak)
rCorr  .         Reflect  .     (no gloves)
SustAt .         Harm     .     (no boots)
MR     +....                    (no amulet)
Stlth  ++........               y - ring of magical power
                                v - ring of fire

@: mighty, non-regenerating, somewhat resistant to hostile enchantments,
unstealthy
A: damage resistance, recharge devices, sense surroundings 1, slow regeneration
3
a: Device Recharging, Quick Charge, Renounce Religion


You were on level 6 of the Dungeon.
You worshipped Pakellas.
Pakellas was aware of your devotion.
You were full.

You visited 2 branches of the dungeon, and saw 7 of its levels.

You collected 289 gold pieces.

Inventory:

Hand Weapons
 a - a +0 flail of holy wrath (weapon)
 b - a +1 dagger of venom
 o - a +0 hunting sling
 s - a +0 morningstar
 z - the cursed +1 hunting sling "Pochoull" {venom, MR- MP-9 Str+4 Dex+2}
   (You found it on level 4 of the Dungeon)

   It poisons the ammo it fires.
   It affects your strength (+4).
   It affects your dexterity (+2).
   It affects your resistance to hostile enchantments.
   It affects your magic capacity (-9).
   It has a curse placed upon it.
 C - a +0 dagger of holy wrath
 G - a +0 dagger of draining
Missiles
 q - 105 sling bullets
 F - 2 throwing nets (quivered)
Armour
 m - a +0 ring mail (worn)
 t - a +0 large shield
 x - a +0 helmet (worn)
 D - a cursed +0 scale mail
Jewellery
 v - a ring of fire (left hand)
 y - a ring of magical power (right hand)
 N - an uncursed ring of protection from fire {unknown}
Wands
 c - a wand of flame (10/48)
 d - a wand of enslavement (1/24)
 e - a wand of random effects (2/48)
 f - a wand of heal wounds (0/9)
 i - a wand of polymorph (4/24)
 H - a wand of lightning (4/15)
 K - a wand of slowing (19/48)
Scrolls
 h - a scroll of enchant weapon {unknown}
 l - a scroll of enchant armour {unknown}
 n - 2 scrolls of remove curse {unknown}
 p - a scroll of teleportation
 w - a scroll of recharging {unknown}
Potions
 k - 2 potions of flight {unknown}
 B - a potion of mutation {unknown}
 E - a potion of brilliance {unknown}
 I - a potion of resistance {unknown}
 J - a potion of might
 L - a potion of beneficial mutation {unknown}
Comestibles
 g - 3 bread rations
 j - a beef jerky
 r - 4 meat rations
 u - a slice of pizza
 A - a royal jelly


   Skills:
 - Level 3.0 Fighting
 - Level 3.1 Short Blades
 - Level 3.4 Maces & Flails
 - Level 3.1 Slings
 + Level 3.4 Armour
 - Level 3.2 Dodging
 - Level 4.0 Stealth
 - Level 2.0 Shields
 - Level 4.3 Spellcasting
 - Level 4.0 Evocations


You had 15 spell levels left.
You didn't know any spells.

Dungeon Overview and Level Annotations

Branches:
Dungeon (6/15)             Temple (1/1) D:5

Altars:
Cheibriados
Fedhas
Gozag
Hepliaklqana
Nemelex Xobeh
Okawaru
Pakellas
Ru
Trog
Ukayaw
Yredelemnul


Innate Abilities, Weirdness & Mutations

You are resistant to damage.
You can recharge devices by infusing magical energy.
You passively map a small area around you.
You do not regenerate naturally.


Message History

You continue eating. x2
You finish eating.
That meat ration really hit the spot!
There is a stone staircase leading down here.
You climb downwards.
There is a stone staircase leading up here.
You hit the ogre.
The ogre is poisoned.
The ogre is lightly wounded.
The ogre barely misses you.
Your +1 dagger of venom stops dripping with poison.
Your +0 flail of holy wrath softly glows with a divine radiance!
a - a +0 flail of holy wrath (weapon)
Drink which item? (? for menu, Esc to quit)
You feel very mighty all of a sudden. The ogre hits you with a giant club!
* * * LOW HITPOINT WARNING * * *
The orc warrior hits you from afar with a halberd!
* * * LOW HITPOINT WARNING * * *
The ogre hits you with a giant club!
You die...
Pakellas says: Good help is so hard to find these days!

#.........#<)..(.(
#........##...o.((
##............#.###
#...........)##(# # #
.........###.(.# #
#####.#:.....(..o.(#####
....>.#......(....((....
####........(#######....
,.......@.(.....# ##.....
####...O.....#.# #......
#.o....>###.###.#....
*##.o......##......#....
,,##............o.........
* ..$#........##........(.
##......$...##.....#....
**
*#<.#####..###...(.#..(.
#(...(.......##
###########


You could see 2 orc warriors and an ogre.

Vanquished Creatures
  The ghost of epen the Chiller, an amateur DsIE (D:4)
  2 ogres
  A phantom (D:5)
  4 centaurs
  A crimson imp (D:6)
  A jelly (D:4)
  An orc priest (D:5)
  An orc wizard (D:4)
  Jessica (D:2)
  2 giant frog skeletons
  3 worker ants
  2 gnolls (D:2)
  13 adders
  3 shadow imps
  A white imp (D:6)
  An ooze (D:1)
  An adder zombie (D:5)
  An adder skeleton (D:5)
  4 worms
  13 dart slugs
  5 giant geckos
  21 orcs
  6 bats
  3 giant cockroaches
  13 goblins
  6 hobgoblins
  6 jackals
  5 quokkas
  6 ball pythons
  2 giant newts (D:2)
  12 kobolds
  7 rats
149 creatures vanquished.

Vanquished Creatures (collateral kills)
  A crimson imp (D:6)
  Robin (D:2)
  A gnoll (D:2)
  2 goblins (D:2)
  A hobgoblin (D:2)
6 creatures vanquished.

Vanquished Creatures (others)
  An orc wizard (D:5)
  A gnoll (D:2)
  A goblin (D:2)
  2 hobgoblins (D:2)
5 creatures vanquished.

Grand Total: 160 creatures vanquished

Notes
Turn   | Place    | Note
--------------------------------------------------------------
     0 | D:1      | Kilingo the Deep Dwarf Artificer began the quest for the Orb.
     0 | D:1      | Reached XP level 1. HP: 16/16 MP: 3/3
    44 | D:1      | Reached skill level 1 in Armour
    66 | D:1      | Reached skill level 1 in Fighting
    83 | D:1      | Reached XP level 2. HP: 25/25 MP: 5/5
   129 | D:1      | Reached skill level 1 in Short Blades
   335 | D:1      | Reached skill level 1 in Spellcasting
   402 | D:1      | Reached XP level 3. HP: 21/31 MP: 6/6
  1206 | D:2      | Noticed Jessica
  1212 | D:2      | Killed Jessica
  1212 | D:2      | Reached skill level 1 in Shields
  1212 | D:2      | Reached XP level 4. HP: 28/38 MP: 7/7
  1469 | D:2      | Noticed Robin
  1904 | D:2      | Killed Robin
  2073 | D:2      | Reached XP level 5. HP: 33/44 MP: 8/8
  2995 | D:3      | Found a sparkling altar of Nemelex Xobeh.
  2995 | D:3      | Found an opulent altar of Gozag.
  3289 | D:4      | Noticed epen's ghost (amateur DsIE)
  3316 | D:4      | Reached skill level 1 in Maces & Flails
  3334 | D:4      | Killed epen's ghost
  3334 | D:4      | Reached XP level 6. HP: 42/52 MP: 7/7
  3371 | D:4      | Got a faintly glowing hunting sling
  3376 | D:4      | Identified the cursed +1 hunting sling "Pochoull" {venom, MR- MP-9 Str+4 Dex+2} (You found it on level 4 of the Dungeon)
  3446 | D:4      | Reached skill level 1 in Slings
  3487 | D:4      | Found a bloodstained altar of Trog.
  3613 | D:4      | Upgraded the game from 0.19-a0-291-ga637243 to 0.19-a0-330-g034cfd4
  3774 | D:4      | Reached XP level 7. HP: 35/61 MP: 8/8
  4276 | D:5      | Entered Level 5 of the Dungeon
  4658 | D:5      | Found a staircase to the Ecumenical Temple.
  4786 | Temple   | Entered the Ecumenical Temple
  4976 | Temple   | Became a worshipper of Pakellas the Inventive
  5562 | D:5      | Reached XP level 8. HP: 32/69 MP: 7/7
  5978 | D:6      | Reached * piety under Pakellas
  5978 | D:6      | Received a gift from Pakellas
  6408 | D:6      | Slain by an ogre

Vault maps used:
D:1:      scummos_arrival_hexagon, minivault_5
D:2:      uniq_jessica, uniq_robin
D:3:      grunt_temple_overflow_opulence
D:4:      bloody_trog, first_bread, serial_bayou_crossing
D:5:      kennysheep_slugbush, minmay_temple_entry_trees, minmay_misc_feat_tiny
D:6:      makhleb_grotto_becter
Temple:   circular_temple_pool_8

Skill      XL: |  1  2  3  4  5  6  7  8 |
---------------+-------------------------+-----
Armour         | 1 2 3 |  3.4
Fighting       | 1 2 3 |  3.0
Short Blades   | 1 2 3 |  3.1
Spellcasting   | 1 2 4 |  4.3
Shields        | 1 2 |  2.0
Stealth        | 2 4 |  4.0
Maces & Flails | 3 |  3.4
Slings         | 3 |  3.1
Dodging        | 3 |  3.2
Evocations     | |  4.0

Action                   |  1- 3 |  4- 6 |  7- 9 || total
-------------------------+-------+-------+-------++-------
Melee: Short sword       |    78 |   116 |       ||   194
       Dagger            |     6 |    63 |   120 ||   189
       Flail             |       |    43 |   132 ||   175
 Fire: Hunting sling     |       |    14 |    54 ||    68
Throw: Throwing net      |       |       |     3 ||     3
Invok: Quick Charge      |       |       |     1 ||     1
 Abil: Device Recharging |       |     2 |     3 ||     5
Evoke: Wand              |     8 |    37 |    50 ||    95
  Use: Potion            |       |     3 |     2 ||     5
       Scroll            |       |     9 |     5 ||    14
 Stab: Sleeping          |     2 |     1 |     2 ||     5
       Distracted        |     1 |       |       ||     1
  Eat: Chunk             |     1 |     4 |     3 ||     8
       Bread ration      |       |     1 |       ||     1
       Meat ration       |       |       |     2 ||     2
Armor: Leather armour    |    18 |    57 |    39 ||   114
       Ring mail         |       |       |    52 ||    52
Dodge: Dodged            |    52 |   144 |   242 ||   438
